 Dungeon Crawl Stone Soup version 0.31-a0-986-g5e6e4ef867 (webtiles) character file.

Game seed: 7258691407578042565

119 Hubris850 the Digger (level 4, -5/21 (33) HPs)
             Began as a Draconian Earth Elementalist on Nov 21, 2023.
             Blown up by Ijyb (14 damage)
             ... with a mindburst bolt
             ... on level 3 of the Dungeon.
             The game lasted 00:05:45 (2848 turns).

Hubris850 the Digger (Draconian Earth Elementalist) Turns: 2848, Time: 00:05:46

HP:   -5/21 (33)    AC:  5    Str: 10    XL:     4   Next: 73%
MP:   1/8           EV: 12    Int: 17    God:
Gold: 128           SH:  0    Dex: 12    Spells: 7/8 levels left

rFire   . . .        p - +0 short sword
rCold   + . .        (no shield)
rNeg    . . .        (body armour unavailable)
rPois   .            (helmet restricted)
rElec   .            r - scarf {+Inv}
rCorr   .            (no gloves)
SInv    +            (no boots)
Will    .....        (no amulet)
Stlth   ++           d - ring of see invisible
HPRegen 0.23/turn    s - ring of protection from cold
MPRegen 0.11/turn

%: no passive effects
@: hasted, very heavily drained, very quick
A: AC +5, unfitting armour, cold-blooded
a: Evoke Invisibility


You were on level 3 of the Dungeon.
You visited 1 branch of the dungeon, and saw 3 of its levels.

You collected 128 gold pieces.

Inventory:

Hand Weapons
 i - a +0 dagger
 p - a +0 short sword (weapon)
Missiles
 q - 2 javelins
Armour
 r - a scarf of invisibility (worn)
Jewellery
 d - a ring of see invisible (left hand)
 s - a ring of protection from cold (right hand)
Scrolls
 c - a scroll of revelation {unknown}
 h - a scroll of fog {unknown}
 j - 2 scrolls of teleportation {unknown}
 m - a scroll of poison {unknown}
 n - 2 scrolls of identify {unknown}
 o - a scroll of enchant armour {unknown}
 t - 3 scrolls of immolation {unknown}
Potions
 a - a potion of magic
 k - a potion of enlightenment {unknown}
 l - a potion of heal wounds {unknown}


   Skills:
 + Level 2.6 Dodging
 - Level 2.0 Stealth
 + Level 2.8 Spellcasting
 + Level 2.3 Transmutations
 + Level 3.7 Earth Magic
 + Level 0.0 Evocations


You had 7 spell levels left.
You knew the following spells:

 Your Spells              Type           Power      Damage    Failure   Level
a - Sandblast             Erth           30%        2d9       3%          1

Your spell library contained the following spells:

 Spells                   Type           Power      Damage    Failure   Level
 Passwall                 Tmut/Erth      10%        N/A       8%          2
 Ensorcelled Hibernation  Hex/Ice        4%         N/A       26%         2
 Stone Arrow              Conj/Erth      16%        3d8       26%         3
 Petrify                  Tmut/Erth      12%        N/A       45%         4
 Swiftness                Air            2%         N/A       47%         3
 Brom's Barrelling Bould  Conj/Erth      8%         2d3       63%         4


Dungeon Overview and Level Annotations

Branches:
Dungeon (3/15)

Altars:
Gozag

Shops:
D:3 *

Annotations:
D:3 Ijyb


Innate Abilities, Weirdness & Mutations

Your plain brown scales are hard. (AC +5)
You cannot fit into any form of body armour.
You are cold-blooded and may be slowed by cold attacks.


Message History

Ijyb screams, "Level is mine!
All mine!"
Ijyb hits you but does no damage.
You barely miss Ijyb.
Ijyb is severely wounded.
You hit Ijyb but do no damage.
Ijyb is severely wounded.
Ijyb screams, "Me stronger than you!" Ijyb hits you but does no damage.
You hit Ijyb but do no damage.
Ijyb is severely wounded.
Ijyb closely misses you.
You hit Ijyb but do no damage.
Ijyb is severely wounded.
You hit Ijyb but do no damage. You tail-slap Ijyb.
Ijyb is severely wounded.
Ijyb barely misses you.
You hit Ijyb but do no damage.
Ijyb is severely wounded.
Ijyb hits you with a +0 club.
You barely miss Ijyb.
Ijyb is severely wounded.
You hit Ijyb but do no damage.
Ijyb is severely wounded.
Ijyb zaps a wand.
Your mind is blasted!
You closely miss Ijyb. You punch Ijyb, but do no damage.
Ijyb is severely wounded.
Ijyb hits you with a +0 club.
You are too injured to fight recklessly!
You are too injured to fight recklessly!
You are too injured to fight recklessly!
Casting: Sandblast (safe; 3% risk of failure)
Confirm with . or Enter, or press ? or * to list all spells.
Aiming: Sandblast (safe; 3% risk of failure)
Press: ? - help, Shift-Dir - straight line, f/p - Ijyb
Aim: Ijyb, wielding a +0 club, wearing a +0 ring mail and carrying a wand of mindburst (severely wounded, 80% to hit)
The blast of sand hits Ijyb but does no damage.
Ijyb is severely wounded.
Ijyb zaps a wand.
Your mind is blasted!
Ouch! That really hurt!
You die...

# ##.###########.############
# #............#.##......(...
# #......).....#.##.#########
# #.................# # #
#............#.######### #
########.##.###..............#
#
+......#.#......####.#######.#
#
######.#.#......#..#.#######.#
#
...............g@.........>#.#
#
######.#.##'###.#<...#####.#.#
# ..#
#.#.>#.###.#.########.#.####
..#
#.##.#.#............#.#.....
..#
#.##.#.#....#######.#.######
..# #.##.#.#.....# #.#.# ..#
#....#.#.....# #.#.# ..#
####.#g'.....# #.#.#
..#########.#.....# #.#.#


You could see Ijyb.

Vanquished Creatures
  Jessica (D:2)
  An orc wizard (D:2)
  An adder (D:2)
  A dart slug (D:2)
  3 orcs (D:2)
  6 ball pythons
  8 endoplasms
  3 giant cockroaches
  2 goblins (D:2)
  2 hobgoblins
  4 jackals (D:2)
  5 quokkas
  4 bats
  4 frilled lizards
  2 kobolds
  3 rats
50 creatures vanquished.

Notes
Turn   | Place    | Note
-------+----------+-------------------------------------------
     0 | D:1      | Hubris850 the Draconian Earth Elementalist began the quest
                  | for the Orb.
     0 | D:1      | Reached XP level 1. HP: 14/14 MP: 3/3
   387 | D:1      | Reached XP level 2. HP: 20/20 MP: 0/5
  1214 | D:2      | Reached XP level 3. HP: 26/26 MP: 4/6
  1345 | D:2      | Found an opulent altar of Gozag.
  1544 | D:2      | Reached XP level 4. HP: 27/33 MP: 0/7
  1643 | D:2      | Noticed Jessica
  1645 | D:2      | Killed Jessica
  2233 | D:3      | Found Bucluree's Assorted Antiques.
  2638 | D:3      | Noticed Ijyb
  2848 | D:3      | Blown up by Ijyb

Illustrated notes

Levels and vault maps discovered:
D:1:      reono_arrival_mine, layout_basic, minmay_unequal
D:2:      layout_loops_ring, basic_altar, uniq_jessica
D:3:      minmay_roachtagon, layout_basic, serial_shops, shop, uniq_ijyb

Skill      XL: |  1  2  3 |
---------------+----------+-----
Stealth        | 2 |  2.0
Dodging        | 2 |  2.6
Transmutations | 2 |  2.3
Spellcasting   | |  2.8
Earth Magic    | |  3.7

Action                     |  1- 3 |  4- 6 || total
---------------------------+-------+-------++-------
  Melee: Dagger            |     2 |       ||     2
         Unarmed           |     1 |       ||     1
         Short sword       |       |    17 ||    17
         Tailslap          |       |     4 ||     4
         Punch             |       |     1 ||     1
   Cast: Sandblast         |    54 |    29 ||    83
    Use: Potion            |       |     4 ||     4
 Armour: Skin              |     8 |    15 ||    23
  Dodge: Dodged            |     9 |    19 ||    28

Table legend: (Time is in decaauts)
 A = Elapsed time spent in this place.
 B = Non-inter-level travel time spent in this place.
 C = Inter-level travel time spent in this place.
 D = Time resting spent in this place.
 E = Time spent auto-exploring this place.
 F = Levels seen in this place.
 G = Mean time per level.
                   A        B        C        D        E       F      G
               +--------+--------+--------+--------+--------+-----+--------+
         Total |   2892 |   2834 |     58 |    173 |   2308 |   3 |  964.0 |
       Dungeon |   2892 |   2834 |     58 |    173 |   2308 |   3 |  964.0 |
               +--------+--------+--------+--------+--------+-----+--------+

Top non-repeatable levels by time:
     D:2: 1285 daAuts
     D:1: 1037 daAuts
     D:3: 569 daAuts
